Map: Dash and Terminal LE (Void)

Players

GriM - Winner!

  • Race: Zerg Zerg
  • League: Bronze

Carbo

  • Race: Zerg Zerg
  • League: Bronze

VOD

Have the link to the VOD?

Description

Time

  • Played on: Sept. 3, 2015, 12:05 a.m.
  • Length: 13:48
Show
View Real Time Build Order
Export as new Build Order

GriM Zerg - Winner!

Build Orders: Hatch First 

Get SALT Encoding   

  12  0:01  Drone  
  13  0:12  Overlord  
  13  0:19  Drone  
  14  0:47  Drone  
  14  0:49  Hatchery  
  14  0:56  Drone x2  
  16  0:59  Drone  
  17  1:16  Spawning Pool  
  16  1:18  Drone  
  17  1:25  Drone  
  17  1:31  Drone  
  19  1:36  Extractor  
  18  1:41  Overlord  
  18  1:52  Drone  
  19  2:03  Queen  
  19  2:05  Queen  
  23  2:16  Zergling x4  
  23  2:19  Zergling x4  
  27  2:30  Drone, Baneling Nest  
  27  2:31  Drone  
  28  2:39  Drone  
  29  2:45  Drone x2  
  31  2:57  Drone x2  
  31  2:58  Drone, Extractor  
  30  3:28  Zergling x10  
  34  3:52  Queen  
  34  3:53  Evolution Chamber  
  34  3:54  Baneling x4  
  33  4:07  Zergling x2  
  33  4:08  Zergling x4  
  36  4:23  Evolution Chamber, Drone  
  36  4:24  Overlord x2  
  36  4:33  Spine Crawler  
  36  4:38  Extractor  
  34  4:40  Drone  
  34  4:41  Drone  
  34  4:43  Drone  
  34  4:44  Drone x5  
  42  4:49  Drone x3  
  42  4:50  Drone  
  46  5:04  Zergling x6  
  48  5:13  Zergling x2  
  48  5:14  Zergling x2  
  47  5:21  Drone  
  47  5:22  Drone x3, Spine Crawler  
  50  5:30  Baneling x2  
  50  5:32  Baneling  
  50  5:36  Zerg Ground Armor Level 1, Zerg Melee Weapons Level 1  
  50  5:43  Zergling x2  
  50  5:45  Overlord x2  
  51  5:53  Overlord x2  
  51  6:04  Zergling x12  
  57  6:18  Zergling x8  
  61  6:32  Baneling  
  61  6:33  Baneling x6  
  61  6:37  Drone x2  
  61  6:38  Drone x2  
  61  6:39  Hatchery  
  64  6:45  Hatchery  
  64  6:46  Metabolic Boost  
  64  6:54  Zergling x10  
  64  6:55  Zergling x2  
  69  7:24  Overlord x2  
  69  7:26  Zergling x2  
  69  7:27  Zergling x10  
  75  7:30  Queen  
  77  7:40  Lair  
  68  8:23  Drone x3  
  68  8:26  Spore Crawler  
  69  8:28  Spore Crawler x2  
  69  8:30  Spore Crawler x3  
  53  8:49  Zergling x2  
  53  8:50  Zergling x32  
  61  9:01  Spore Crawler  
  61  9:02  Spore Crawler  
  57  9:05  Spore Crawler  
  56  9:11  Spore Crawler  
  56  9:22  Zergling x2  
  56  9:23  Zergling x16  
  66  9:33  Spore Crawler  
  65  9:51  Zergling x18  
  70  10:27  Zergling x2  
  70  10:28  Zergling x20  
  56  11:25  Hydralisk Den  
  44  12:03  Hydralisk  
  44  12:04  Hydralisk x9  
  58  12:35  Hydralisk  
  58  12:36  Hydralisk x3  
  66  12:39  Overlord x2  
  66  12:40  Overlord x3  
  66  12:59  Hydralisk  
  66  13:00  Hydralisk x10  
Show
View Real Time Build Order
Export as new Build Order

Carbo Zerg 

Build Orders: Pool First 

Get SALT Encoding   

  12  0:02  Drone  
  13  0:13  Overlord  
  13  0:21  Drone  
  14  0:33  Drone x2  
  16  0:41  Drone  
  17  0:47  Drone  
  18  0:54  Spawning Pool  
  17  0:57  Extractor  
  17  0:59  Overlord  
  16  1:04  Extractor  
  16  1:08  Drone  
  16  1:18  Drone  
  17  1:29  Drone  
  18  1:40  Drone  
  19  1:54  Queen  
  19  1:57  Drone  
  22  2:04  Drone  
  23  2:11  Hatchery, Metabolic Boost  
  23  2:13  Drone  
  23  2:32  Drone  
  24  2:55  Overlord  
  24  3:02  Roach Warren  
  24  3:03  Zergling x8  
  27  3:09  Spine Crawler  
  26  3:30  Spine Crawler  
  26  3:31  Queen  
  26  3:33  Drone  
  28  3:50  Roach x4  
  32  4:16  Drone  
  33  4:17  Drone x2  
  33  4:18  Drone  
  36  4:25  Roach x3  
  36  4:30  Drone  
  43  4:41  Drone  
  43  4:42  Overlord  
  44  4:46  Overlord  
  44  4:49  Lair  
  44  4:54  Extractor  
  44  4:55  Extractor  
  34  5:23  Roach x5  
  34  5:24  Drone x2  
  34  5:25  Drone x3  
  49  5:36  Drone  
  49  5:41  Hatchery  
  49  5:48  Drone x2  
  51  5:51  Burrow  
  51  5:52  Tunneling Claws  
  51  5:55  Drone x3  
  54  6:10  Roach x3  
  60  6:16  Overlord  
  60  6:25  Overlord x2  
  60  6:39  Spire  
  59  6:42  Drone x2  
  61  6:48  Drone  
  61  6:49  Drone x4  
  61  6:50  Drone  
  67  6:56  Drone  
  68  7:02  Queen  
  68  7:06  Drone  
  71  7:10  Drone x3  
  74  7:15  Drone  
  74  7:18  Overlord  
  74  7:19  Overlord  
  75  7:35  Drone x2  
  77  7:37  Extractor  
  77  7:39  Extractor  
  75  7:50  Mutalisk x2  
  75  7:51  Mutalisk x3  
  79  7:54  Mutalisk  
  79  7:55  Mutalisk x4  
  95  8:03  Spine Crawler  
  95  8:05  Spine Crawler  
  69  8:36  Mutalisk  
  69  8:37  Mutalisk x3  
  69  8:40  Mutalisk x3  
  78  9:09  Hatchery  
  75  9:37  Zergling x12  
  81  9:54  Spine Crawler x2  
  81  9:55  Roach x3  
  81  9:56  Spine Crawler  
  80  10:03  Spine Crawler  
  80  10:05  Spine Crawler  
  80  10:06  Spine Crawler x2  
  59  10:19  Drone x6  
  49  10:34  Queen  
  52  10:35  Drone x2  
  53  10:55  Drone x2  
  53  11:00  Spawning Pool  
  35  11:26  Drone x3  
  35  11:31  Hatchery  
  37  11:35  Drone  
  37  11:36  Drone x8  
  46  11:51  Spine Crawler x2  
  44  11:54  Spine Crawler  
  44  11:55  Drone x3  
  46  12:08  Hatchery, Spine Crawler  
  45  12:09  Spine Crawler x2  
  45  12:11  Spine Crawler x2  
  45  12:13  Spine Crawler  
  39  12:18  Zergling x2  
  39  12:19  Zergling x4  
  37  12:28  Drone  
  35  12:30  Queen  
  23  13:02  Zergling x6  
  23  13:03  Zergling x2  
  23  13:04  Zergling x2  
  22  13:29  Zergling x2  
  22  13:30  Zergling x8  
Tags
 
Add a new tag
Caveats
  • Supply blocks, unpowered buildings, or Contaminate may cause inaccurate times.
  • Supply counts are checked every 10 seconds.